 Dungeon Crawl Stone Soup version 0.20-a0-1018-ge435b50 (webtiles) character file.

75 LessRight the Skirmisher (level 4, -1/36 HPs)
             Began as a Demonspawn Wanderer on Apr 17, 2017.
             Slain by a goblin
             ... wielding a +0 club
              (6 damage)
             ... on level 3 of the Dungeon.
             The game lasted 00:09:17 (2822 turns).

LessRight the Skirmisher (Demonspawn Wanderer)      Turns: 2822, Time: 00:09:18

Health: -1/36      AC:  3    Str: 12    XL:     4   Next: 11%
Magic:  5/5        EV: 11    Int: 13    God:
Gold:   128        SH:  0    Dex: 14    Spells: 5/5 levels left

rFire    . . .     SeeInvis .   b - +0 short sword
rCold    . . .     Gourm    .   (no shield)
rNeg     . . .     Faith    .   d - +0 robe
rPois    .         Spirit   .   (no helmet)
rElec    .         Reflect  .   (no cloak)
rCorr    .         Harm     .   (no gloves)
MR       .....                  (no boots)
Stlth    ++........             h - amulet of rage
Regen    0.2/turn               (no ring)
MPRegen  0.1/turn               (no ring)

@: exhausted, slowed, very slow
A: rugged brown scales 1
a: Evoke Berserk Rage


You were on level 3 of the Dungeon.
You were hungry.

You visited 1 branch of the dungeon, and saw 3 of its levels.

You collected 128 gold pieces.

Inventory:

Hand Weapons
 b - a +0 short sword (weapon)
 e - a +0 dagger
Missiles
 i - 93 stones (quivered)
 l - 5 javelins
 o - 24 sling bullets
Armour
 d - a +0 robe (worn)
Jewellery
 h - an amulet of rage (around neck)
Scrolls
 m - 3 scrolls of identify {unknown}
 n - 2 scrolls of amnesia {unknown}
 p - 4 scrolls of remove curse {unknown}
 q - a scroll of immolation {unknown}
Potions
 c - 2 potions of lignification
 g - a potion of ambrosia {unknown}
 j - 3 potions of curing
Books
 a - a book of Battle

   Spells                             Type                      Level
   a - Infusion                       Charms                       1
   b - Shroud of Golubria             Charms/Translocation         2
   c - Song of Slaying                Charms                       2
   d - Spectral Weapon                Hexes/Charms                 3
   e - Regeneration                   Charms/Necromancy            3
Comestibles
 f - 2 bread rations
 k - a meat ration
 s - a royal jelly


   Skills:
 + Level 3.4 Fighting
 - Level 1.7 Stealth
   Level 1.0 Shields
 - Level 1.0 Spellcasting
   Level 2.6 Charms
   Level 1.0 Fire Magic
 - Level 2.1 Evocations


You had 5 spell levels left.
You didn't know any spells.

Dungeon Overview and Level Annotations

Branches:
Dungeon (3/15)

Altars:
Ashenzari
Makhleb


Innate Abilities, Weirdness & Mutations

You are partially covered in rugged brown scales. (AC +1, +3% HP)


Message History

You kill the gnoll!
The gnoll barely misses you. The goblin hits you but does no damage.
The gnoll hits you!
You barely miss the gnoll. The gnoll hits you.
You puncture the gnoll!
The gnoll is severely wounded.
The gnoll barely misses you. The goblin hits you but does no damage.
You puncture the gnoll!
You kill the gnoll!
You have reached level 4!
You feel clever.
You are no longer berserk.
You are exhausted.
You feel yourself slow down. The gnoll barely misses you.
The goblin hits you with a club.
* * * LOW HITPOINT WARNING * * *
You hit the gnoll but do no damage. The gnoll hits you.
* * * LOW HITPOINT WARNING * * *
The goblin hits you with a club.
You die...

### ... #.# # .
....# .. ##.#.#
... .... .. .
#.##.###.###.#...
#......<.)g.....#
###......@g.....#
#.........###...#
###.#.....# .. ..
#.....# #.
.......# #
#......##
#...#..# #...#..


You could see a gnoll and a goblin.

Vanquished Creatures
  3 gnolls (D:3)
  A worm (D:2)
  2 dart slugs
  A leopard gecko (D:1)
  3 giant cockroaches
  5 goblins
  3 hobgoblins (D:1)
  8 kobolds
  5 bats
  4 frilled lizards
  4 rats
39 creatures vanquished.

Notes
Turn   | Place    | Note
-------+----------+-------------------------------------------
     0 | D:1      | LessRight the Demonspawn Wanderer began the quest for the Orb.
     0 | D:1      | LessRight set off with: a book of Battle, a +0 short sword, a potion of lignification, a +0 robe, a +0 dagger, a bread ration
     0 | D:1      | Reached XP level 1. HP: 15/15 MP: 2/2
   405 | D:1      | Reached skill level 2 in Fighting
   752 | D:1      | Gained mutation: You are partially covered in rugged brown scales. (AC +1, +3% HP) [demonic ancestry]
   752 | D:1      | Reached XP level 2. HP: 8/22 MP: 3/3
  1925 | D:2      | Found a shattered altar of Ashenzari.
  1981 | D:2      | Reached XP level 3. HP: 12/27 MP: 4/4
  2353 | D:2      | Found a burning altar of Makhleb.
  2475 | D:2      | Found a shattered altar of Ashenzari.
  2814 | D:3      | Reached skill level 3 in Fighting
  2821 | D:3      | Reached XP level 4. HP: 19/36 MP: 5/5
  2822 | D:3      | Slain by a goblin

Vault maps used:
D:1:      sevenhm_arrival_forest_fort_large_4
D:2:      ashenzari_conservatory_becter, lemuel_doored_altar, first_bread,
          ashenzari_altar_1
D:3:      serial_co_window_serial, co_window_of_opportunity_a,
          co_window_corner_a, co_window_corner_a, co_window_paths_a,
          co_window_corner_a, co_window_paths_a, co_window_paths_a,
          co_window_broadway_b, co_window_paths_c, co_window_corner_b,
          co_window_of_opportunity_b, co_window_4corner_a, co_window_paths_e,
          glass_columns_a, glass_columns_c, glass_columns_b,
          minmay_randomly_rotated_circles, uniq_sigmund

Skill      XL: |  1  2  3 |
---------------+----------+-----
Fighting       | 2 3 |  3.4
Evocations     | 2 |  2.1
Stealth        | |  1.7
Shields        | |  1.0
Spellcasting   | |  1.0
Charms         | |  2.6
Fire Magic     | |  1.0

Action                   |  1- 3 |  4- 6 || total
-------------------------+-------+-------++-------
Melee: Dagger            |   107 |       ||   107
       Short sword       |    92 |     1 ||    93
Throw: Stone             |     1 |       ||     1
 Abil: Evoke Berserk Rag |     3 |       ||     3
 Stab: Sleeping          |     3 |       ||     3
  Eat: Chunk             |     8 |       ||     8
Armor: Robe              |    47 |       ||    47
Dodge: Dodged            |   115 |     1 ||   116
